Map: Fracture LE

Players

MasterNoodle - Winner!

  • Race: Zerg Zerg
  • League: Master
  • Spawn Location: 5:00

Walla

  • Race: Terran Terran
  • League: Master
  • Spawn Location: 11:00

VOD

Have the link to the VOD?

Description

Time

  • Played on: Sept. 10, 2018, 10:21 a.m.
  • Length: 15:52
Show
View Real Time Build Order
Export as new Build Order

MasterNoodle Zerg - Winner!

Build Orders: Pool First, Roach Nydus 

Get SALT Encoding   

  12  0:03  Drone  
  13  0:17  Overlord  
  13  0:18  Drone  
  14  0:37  Drone x2  
  16  0:44  Drone  
  16  0:46  Spawning Pool  
  16  0:53  Drone  
  17  1:15  Hatchery  
  17  1:18  Drone x2  
  18  1:34  Zergling x4  
  20  1:40  Spine Crawler  
  20  1:45  Zergling x2  
  20  1:57  Zergling x2  
  21  2:08  Overlord  
  20  2:18  Zergling x2  
  21  2:29  Drone x2  
  23  2:32  Queen  
  25  2:40  Drone x2  
  27  2:49  Drone x2, Extractor  
  28  2:57  Queen  
  30  3:04  Drone x2  
  32  3:07  Extractor  
  31  3:13  Drone x2  
  33  3:29  Drone x2  
  34  3:35  Drone  
  34  3:36  Roach Warren  
  34  3:46  Lair  
  34  3:48  Drone  
  35  3:49  Overlord x2  
  35  3:53  Overlord  
  35  4:07  Queen  
  35  4:08  Overlord  
  35  4:37  Roach x7  
  51  4:45  Queen  
  51  4:57  Queen, Nydus Network  
  52  5:11  Overlord  
  52  5:12  Overlord  
  52  5:13  Roach x2, Zergling x4  
  58  5:26  Roach  
  58  5:27  Queen  
  62  5:30  Overseer  
  60  5:44  Nydus Canal  
  54  5:57  Roach x2  
  54  5:58  Roach x2  
  62  6:18  Overlord  
  58  6:33  Drone x6  
  58  6:49  Overlord x2  
  58  7:05  Hatchery  
  55  7:11  Overseer  
  50  7:20  Roach x4  
  50  7:21  Roach x2  
  56  7:38  Drone x2  
  56  7:42  Drone  
  59  7:50  Drone  
  60  8:01  Roach x2  
  64  8:07  Drone x2  
  66  8:18  Nydus Canal  
  66  8:27  Queen x2  
  66  8:28  Drone  
  66  8:29  Drone x5  
  76  8:36  Nydus Canal  
  66  8:42  Drone x3  
  65  8:50  Drone x3  
  66  8:56  Glial Reconstitution  
  66  9:00  Queen  
  66  9:02  Queen  
  66  9:09  Roach x5  
  78  9:11  Drone  
  79  9:19  Drone x2  
  79  9:21  Drone  
  82  9:29  Drone x2  
  84  9:32  Overlord  
  84  9:35  Spore Crawler  
  84  9:36  Spore Crawler  
  84  9:37  Drone x6  
  88  9:45  Drone x2  
  90  9:48  Drone  
  90  9:52  Drone  
  92  9:54  Drone x2  
  94  10:01  Drone  
  94  10:02  Drone x2  
  94  10:04  Metabolic Boost  
  97  10:15  Nydus Canal, Extractor  
  97  10:19  Extractor  
  95  10:24  Roach  
  95  10:25  Roach x5, Zergling x8  
  111  10:31  Hatchery  
  110  10:41  Drone x4  
  114  10:49  Overlord x5  
  114  10:50  Extractor  
  113  11:05  Drone  
  113  11:06  Overlord x2  
  113  11:07  Hydralisk Den  
  113  11:15  Extractor  
  112  11:19  Overlord  
  112  11:23  Zergling x2  
  112  11:24  Zergling x14  
  120  11:27  Zergling x2  
  120  11:31  Overseer  
  120  11:32  Drone  
  122  11:35  Nydus Canal  
  122  11:44  Muscular Augments  
  122  11:45  Overlord x2  
  122  11:48  Baneling Nest  
  118  12:03  Roach x11  
  118  12:04  Roach x4  
  146  12:10  Drone x4  
  150  12:18  Drone x4  
  145  12:41  Hydralisk  
  145  12:42  Hydralisk x9  
  145  12:43  Centrifical Hooks  
  165  12:51  Evolution Chamber, Hydralisk x2, Zergling x2  
  165  12:52  Evolution Chamber, Zergling x2  
  169  13:03  Grooved Spines  
  169  13:05  Zergling x16  
  175  13:06  Zergling x10  
  182  13:15  Zergling x6  
  182  13:16  Zergling x2  
  182  13:19  Zergling x2  
  187  13:23  Zergling x4  
  187  13:25  Zergling x2  
  168  13:30  Zergling x2  
  155  13:35  Zergling x8  
  155  13:39  Zerg Melee Weapons Level 1, Zerg Ground Armor Level 1  
  156  13:42  Spire  
  155  13:49  Zergling x20  
  155  13:50  Zergling x4  
  155  13:53  Nydus Canal  
  167  14:02  Hatchery  
  166  14:04  Hatchery  
  161  14:13  Hydralisk x8  
  161  14:14  Hydralisk  
  161  14:15  Zergling x2  
  174  14:17  Zergling x2  
  171  14:29  Zergling x18  
  180  14:37  Zergling x8  
  180  14:43  Baneling  
  180  14:44  Baneling x19  
  178  14:51  Nydus Canal  
  176  14:54  Zergling x2  
  176  14:55  Zergling x12  
  175  15:01  Drone x5  
  175  15:02  Drone  
  175  15:03  Drone  
  182  15:12  Baneling  
  182  15:13  Baneling x6  
  180  15:25  Infestation Pit  
  180  15:28  Drone x7  
  182  15:36  Nydus Canal  
Show
View Real Time Build Order
Export as new Build Order

Walla Terran 

Build Orders: MMM Bio 

Get SALT Encoding   

  12  0:00  SCV  
  13  0:13  SCV  
  14  0:18  Supply Depot  
  14  0:25  SCV  
  15  0:40  SCV  
  15  0:41  Barracks  
  16  0:55  Barracks  
  16  0:57  SCV  
  17  1:04  Refinery  
  17  1:09  SCV  
  18  1:21  SCV  
  19  1:28  Marine  
  20  1:36  Orbital Command  
  20  1:42  Marine  
  20  1:46  Marine  
  22  2:01  Supply Depot, SCV  
  23  2:10  Factory  
  23  2:14  SCV  
  23  2:22  Marine  
  23  2:23  Marine  
  23  2:31  SCV, Bunker  
  23  2:33  Refinery  
  24  2:43  SCV  
  24  2:54  Command Center  
  24  2:55  SCV  
  25  2:59  Factory Reactor  
  25  3:07  SCV  
  26  3:16  Command Center  
  25  3:36  Hellion x2  
  25  3:37  SCV  
  30  3:49  SCV, Engineering Bay  
  31  4:06  Hellion, Barracks Tech Lab  
  31  4:08  Orbital Command  
  33  4:13  SCV  
  33  4:26  Stimpack  
  33  4:29  Terran Infantry Weapons Level 1  
  33  4:30  Orbital Command  
  33  4:38  Orbital Command  
  33  4:43  SCV  
  34  4:49  Hellion  
  36  4:54  Hellion  
  36  4:56  SCV  
  39  5:07  SCV x2  
  39  5:14  SCV, Marine  
  42  5:15  Supply Depot, Marine  
  42  5:17  Hellion  
  42  5:20  SCV x2  
  48  5:28  SCV  
  48  5:29  Starport  
  48  5:32  SCV  
  50  5:36  SCV  
  50  5:40  SCV  
  52  5:44  SCV  
  51  5:50  Liberator  
  51  5:53  Marine x2  
  51  5:55  Cyclone x2  
  46  6:28  Barracks x2  
  46  6:30  Barracks  
  45  6:38  Cyclone  
  51  6:58  Orbital Command  
  51  7:14  SCV  
  52  7:17  Orbital Command  
  49  7:22  Marine  
  49  7:25  Marine  
  49  7:29  Refinery x2, SCV, Barracks Tech Lab  
  50  7:50  Supply Depot  
  50  7:53  SCV  
  50  7:56  SCV  
  52  7:59  Combat Shields  
  52  8:03  Supply Depot  
  52  8:04  SCV  
  42  8:23  SCV x2  
  44  8:27  Marine x2  
  43  8:41  SCV  
  43  8:42  SCV x2  
  46  8:55  SCV x3  
  49  9:02  Marine x2  
  51  9:03  Cyclone  
  51  9:04  Medivac  
  51  9:07  SCV  
  57  9:12  Refinery  
  57  9:16  Terran Infantry Armor Level 1  
  57  9:17  SCV x2  
  57  9:18  Refinery  
  59  9:31  Marauder  
  61  9:40  Barracks Reactor  
  61  9:47  Barracks Reactor  
  61  9:51  Starport Tech Lab  
  61  9:52  SCV x2, Marine  
  63  9:53  Factory Tech Lab  
  64  10:04  SCV x2  
  66  10:10  Marine  
  67  10:16  SCV  
  67  10:17  SCV  
  69  10:42  Supply Depot  
  69  10:46  Supply Depot x3  
  69  10:53  Barracks  
  69  10:54  Barracks  
  69  10:55  Barracks x2  
  69  10:56  Armory  
  69  10:57  Engineering Bay  
  69  10:58  Barracks  
  69  10:59  Orbital Command  
  69  11:03  Marine x4  
  69  11:04  Siege Tank, SCV  
  77  11:07  SCV, Raven  
  77  11:08  Marauder  
  82  11:16  SCV  
  83  11:19  SCV  
  83  11:21  Marine  
  85  11:29  SCV x2  
  85  11:31  SCV, Marine x3  
  91  11:41  SCV x2  
  91  11:44  SCV  
  94  11:48  Barracks Tech Lab  
  94  11:54  Barracks Tech Lab  
  94  12:00  Orbital Command  
  79  12:09  Marine x2  
  79  12:10  Marine x7  
  80  12:17  Marine  
  80  12:27  Marine x3  
  80  12:28  Marine x3  
  80  12:29  Siege Tank  
  89  12:30  Medivac  
  91  12:45  SCV x2  
  91  12:49  Marauder x2  
  97  12:52  Supply Depot  
  97  12:53  Marine x3  
  97  12:54  Marine  
  97  12:55  Orbital Command  
  101  12:59  Marine x3  
  101  13:00  Marauder, Medivac, Terran Infantry Weapons Level 2  
  101  13:02  Terran Vehicle And Ship Armor Level 1  
  108  13:07  Supply Depot  
  108  13:09  SCV, Supply Depot  
  108  13:11  Supply Depot  
  109  13:14  Marauder x2, SCV, Marine x2  
  109  13:17  Supply Depot x2  
  116  13:23  Terran Infantry Armor Level 2  
  83  13:37  Marine x2  
  83  13:38  Marauder x3, Marine x3  
  83  13:40  Supply Depot  
  90  13:49  SCV x2  
  90  13:55  Marine  
  93  13:58  Refinery  
  93  13:59  Marauder x2, Marine x6  
  103  14:02  Medivac  
  103  14:03  Medivac  
  107  14:13  Marine  
  107  14:16  Marine  
  107  14:17  Marine  
  109  14:18  Marauder  
  112  14:25  Marine  
  112  14:26  Marauder x2, Marine x2  
  119  14:33  SCV x3  
  121  14:39  Marauder  
  123  14:51  Marine x5  
  123  14:52  Marauder x3, Medivac  
  134  14:53  Medivac  
  137  15:00  Marine  
  137  15:01  SCV x2  
  137  15:02  SCV  
  141  15:09  Marine x2  
  141  15:13  Marauder x2  
  133  15:33  Marine  
  133  15:34  Marine x3  
  145  15:41  Bunker  
  149  15:49  Bunker  
Tags
 
Composition
MMM Bio
Matchup
TvZ
Opening
Pool First
Spawn Locations
Cross Positions
Strategy
Roach Nydus
Add a new tag
Caveats
  • Supply blocks, unpowered buildings, or Contaminate may cause inaccurate times.
  • Supply counts are checked every 10 seconds.